Cogmind - Beta 14 *** ADVENTURER MODE // 2024.11.21 @ 07:32:12 Player: Nah Bohdi Result: Self-destructed Performance ------------- Evolutions (2) 1000 Regions Visited (3) 600 Robots Destroyed (41) 205 Value Destroyed (865) 865 Prototype IDs (4) 80 Alien Tech Used (0) 0 Bonus (2) 2 TOTAL SCORE: 2752 Bonus ------- High Alert Combat Kills 2 Cogmind --------- Core Integrity 515/550 Matter 88/300 Energy 125/125 System Corruption 0% Temperature Cool (9) Movement Core (250) Ox4 Location -8/Materials Parts ------- > --- POWER (1) -------- Light Ion Engine > --- PROPULSION (4) --- (None) > --- UTILITY (4) ------ Small Storage Unit Visual Processing Unit Improved Targeting Computer Power Shielding > --- WEAPON (2) ------- Rocket Launcher > --- INVENTORY (8) ---- Light Ion Engine High-capacity Battery (250) Actuator Array Actuator Array Particle Cannon Assault Rifle Grenade Launcher Mining Laser Peak State ------------ > --- POWER ------------ Light Ion Engine > --- PROPULSION ------- Airjet Airjet Airjet > --- UTILITY ---------- Small Storage Unit Visual Processing Unit Improved Targeting Computer Power Shielding > --- WEAPON ----------- Particle Cannon Rocket Launcher > --- INVENTORY -------- Light Ion Engine High-capacity Battery Actuator Array Actuator Array Assault Rifle Assault Rifle Grenade Launcher Mining Laser [Rating: 21] Favorites ----------- Power Light Ion Engine Engine Light Ion Engine Propulsion Airjet Wheel Compact Wheel Hover Unit Airjet Utility Small Storage Unit Storage Small Storage Unit Processor Visual Processing Unit Protection Power Shielding Weapon Assault Rifle Energy Gun EM Pulse Gun Energy Cannon Particle Cannon Ballistic Gun Assault Rifle Launcher Grenade Launcher Special Weapon Mining Laser Build | -11 -10 -9 -8 ------- Run | Yrd Mat Mat Mat Slots Evolved 4 | . . 2 2 Power . | . . . . Propulsion 2 | . . 1 1 Utility 2 | . . 1 1 Weapon . | . . . . Parts Attached 43 | 7 12 19 5 Power 4 | 1 2 1 . Engine 4 | 1 2 1 . Core . | . . . . Reactor . | . . . . Propulsion 12 | 3 . 9 . Treads . | . . . . Leg . | . . . . Wheel 7 | 3 . 4 . Hover 5 | . . 5 . Flight . | . . . . Utility 5 | 1 2 1 1 Device . | . . . . Storage 1 | 1 . . . Processor 2 | . 1 . 1 Hackware . | . . . . Protection 2 | . 1 1 . Artifact . | . . . . Weapon 22 | 2 8 8 4 Energy Gun 1 | . 1 . . Energy Cannon 2 | . . 2 . Ballistic Gun 10 | 2 3 3 2 Ballistic Cannon . | . . . . Launcher 6 | . 1 3 2 Special Weapon 3 | . 3 . . Impact Weapon . | . . . . Slashing Weapon . | . . . . Piercing Weapon . | . . . . Special Melee Weapon . | . . . . Unidentified Prototypes . | . . . . Parts Lost 8 | . 2 2 4 Power 1 | . 1 . . Propulsion 5 | . . 2 3 Utility . | . . . . Weapon 2 | . 1 . 1 Highest Loss Streak 4 | . 2 1 4 To Critical Strikes . | . . . . Average Slot Usage (%) 93 | . 94 93 81 Engine 11 | . 12 11 9 Wheel 18 | . 28 14 . Hover 11 | . . 17 22 Storage 12 | . 14 11 9 Processor 9 | . 7 11 16 Protection 5 | . 4 6 9 Energy Cannon 1 | . . 1 5 Ballistic Gun 13 | . 16 12 9 Launcher 2 | . 1 4 1 Special Weapon 4 | . 6 4 . Peak Build Rating 21 | 6 8 18 21 Average Rating 11 | 4 7 13 18 On Entrance 8 | . 6 8 18 Naked Turns . | . . . . Heaviest Build 16 | 11 13 16 15 Greatest Support 36 | 32 32 36 24 Greatest Overweight (x) 4 | . . 1 4 Average Overweight (x) . | . . . . Largest Inventory Capacity 8 | 8 8 8 8 Average Capacity 7 | 7 8 8 8 Most Carried 8 | 6 8 8 8 Average Carried 7 | 3 7 7 7 Final Capacity 8 | 8 8 8 8 Final Carried 8 | 6 8 7 8 Class Distribution -------------------- 94% | Mutant 5% | Scavenger-Mutant Dominant Class ---------------- Mutant | -10/Materials Mutant | -9/Materials Mutant | -8/Materials Resources | -11 -10 -9 -8 ----------- Run | Yrd Mat Mat Mat Matter Collected 794 | 283 199 258 54 Remotely . | . . . . Salvage Created 929 | 162 319 224 224 Parts 86 | 18 28 23 17 Haulers Intercepted . | . . . . Recyclers Shooed 2 | . . 1 1 Parts Field Recycled . | . . . . Retrieved Matter . | . . . . Parts Self-Destructed . | . . . . Prevented . | . . . . Kills | -11 -10 -9 -8 ------- Run | Yrd Mat Mat Mat Combat Hostiles Destroyed 25 | . 11 7 7 Guns 9 | . 8 1 . Cannons 6 | . 3 2 1 AOE 10 | . . 4 6 Classes Destroyed 8 | 2 3 3 . Builder 2 | . . 1 1 Tunneler 5 | 5 . . . Recycler 3 | 1 . 1 1 Operator 2 | . . 2 . Watcher 4 | . 2 2 . Swarmer 12 | . 5 3 4 Grunt 11 | . 6 2 3 Sentry 2 | . . 2 . Best Kill Streak 6 | 6 6 5 5 Combat Bots Only 6 | . 6 4 5 Max Kills in Single Turn 4 | 1 2 1 4 Gunslinging 1 | . 1 . . Exploded 4 | . . 1 4 Melee . | . . . . Uniques/NPCs Destroyed . | . . . . Combat | -11 -10 -9 -8 -------- Run | Yrd Mat Mat Mat Hostile Shots Fired 153 | . 47 80 26 Missed 41 | . 9 28 4 Damage Taken 1060 | . 295 518 247 Core 229 | . 86 108 35 Absorbed by Shields . | . . . . Redirected to Shielding 21 | . 5 9 7 Ignored by Resistances 317 | . 94 151 72 Core Remaining (%) 79 | 100 65 73 . Volleys Fired 100 | 11 41 36 12 Largest 2 | 1 2 2 2 Hottest 120 | 20 120 100 88 Shots Fired 141 | 11 61 52 17 Gun 90 | 11 43 27 9 Cannon 7 | . . 5 2 Launcher 19 | . . 13 6 Special 25 | . 18 7 . Kinetic 74 | 11 27 27 9 Thermal 32 | . 18 12 2 Explosive 19 | . . 13 6 Electromagnetic 16 | . 16 . . Robot Hit Streak 19 | 10 19 17 13 Robot Miss Streak 4 | . 4 2 1 Penetration Max . | . . . . Secondary Targets 2 | . 2 . . Max Gunslinging Chain 1 | . 1 . . Shots Hit Robots 101 | 10 39 37 15 Core Hits 64 | 7 18 20 19 Critical Kills . | . . . . Critical Parts Destroyed 1 | . . 1 . Critical Strikes 1 | . . 1 . Destroy 1 | . . 1 . Melee Attacks . | . . . . Impact . | . . . . Slashing . | . . . . Piercing . | . . . . Sneak Attacks . | . . . . Combat Hostiles . | . . . . Follow-up Attacks . | . . . . Damage Inflicted 2730 | 130 622 1031 947 Guns 855 | 130 382 227 116 Cannons 125 | . . 104 21 Explosions 1414 | . . 604 810 Melee . | . . . . Ramming . | . . . . Kinetic 703 | 130 230 227 116 Thermal 461 | . 240 200 21 Explosive 1414 | . . 604 810 Electromagnetic 152 | . 152 . . Impact . | . . . . Slashing . | . . . . Piercing . | . . . . Highest Corruption . | . . . . Average Corruption . | . . . . Corruption Purged . | . . . . Corruption Blocked . | . . . . Overload Shots . | . . . . Overflow Damage 43 | . . 36 7 Projectiles . | . . . . Explosions 43 | . . 36 7 Melee . | . . . . Knockbacks . | . . . . Impact . | . . . . Kinetic . | . . . . Secondary . | . . . . Self-Inflicted Damage . | . . . . Shots . | . . . . Rammed . | . . . . Targets Rammed . | . . . . Kicked . | . . . . Crushed . | . . . . Highest Temperature 142 | . 142 120 39 Average Temperature 45 | . 43 54 16 Received Heat Transfer 567 | . 159 219 189 Siege Activations . | . . . . Robots Corrupted . | . . . . Combat Hostiles . | . . . . Parts Fried . | . . . . Impact Corruptions . | . . . . Robots Melted . | . . . . Combat Hostiles . | . . . . Parts Melted . | . . . . Heat Transferred 922 | . 500 385 37 Parts Sabotaged . | . . . . Parts Stolen . | . . . . Parts Stripped . | . . . . Power Chain Reactions . | . . . . Alert | -11 -10 -9 -8 ------- Run | Yrd Mat Mat Mat Peak Influence 427 | 30 427 179 204 Initial 86 | . 16 86 10 Average 112 | 10 203 63 82 Maximum Alert Level 2 | . 2 . 1 Low Security (%) 76 | 100 33 100 98 Level 1 21 | . 61 . 1 Level 2 1 | . 4 . . Level 3 . | . . . . Level 4 . | . . . . Level 5 . | . . . . High Security . | . . . . Max Security . | . . . . Squads Dispatched 5 | . 2 1 2 Investigation 2 | . 2 . . Extermination . | . . . . Reinforcement 3 | . . 1 2 Assault . | . . . . Garrison . | . . . . Intercept . | . . . . Searches Triggered . | . . . . Construction Impeded 1 | . . . 1 Haulers Reinforced . | . . . . Active Scanning Responses . | . . . . Cargo Convoy Interrupts . | . . . . Stealth | -11 -10 -9 -8 --------- Run | Yrd Mat Mat Mat Distress Signals 3 | . 1 2 . Communications Jammed . | . . . . Distress Signals . | . . . . Times Spotted 52 | . 19 22 11 Peak Tracking Total 8 | . 8 6 4 Tactical Retreats 4 | . 2 2 . Traps | -11 -10 -9 -8 ------- Run | Yrd Mat Mat Mat Traps Triggered 1 | . 1 . . Indirectly . | . . . . Trap Hack Attempts . | . . . . Triggered . | . . . . Disarmed . | . . . . Reprogrammed . | . . . . Reused . | . . . . Traps Extracted . | . . . . Installed . | . . . . Triggered . | . . . . Machines | -11 -10 -9 -8 ---------- Run | Yrd Mat Mat Mat Machines Disabled 7 | . . 3 4 Max in Single Turn 3 | . . 1 3 Machines Repaired . | . . . . Machines Dismantled . | . . . . Machines Sabotaged . | . . . . Overloaded Fab Kills . | . . . . Hacking | -11 -10 -9 -8 --------- Run | Yrd Mat Mat Mat Machines Accessed 11 | . 6 5 . Terminals 9 | . 5 4 . Fabricators . | . . . . Repair Stations . | . . . . Recycling Units 1 | . 1 . . Scanalyzers 1 | . . 1 . Garrison Access . | . . . . Total Hacks 31 | . 17 14 . Successful 13 | . 7 6 . Failed 18 | . 10 8 . Catastrophic 1 | . 1 . . Database Lockouts . | . . . . Manual . | . . . . Terminals 24 | . 14 10 . Fabricators . | . . . . Repair Stations . | . . . . Recycling Units 3 | . 3 . . Scanalyzers 4 | . . 4 . Garrison Access . | . . . . Terminal Hacks 11 | . 7 4 . Robot Analysis 1 | . 1 . . Prototype ID Bank 2 | . 2 . . Alert Level 1 | . . 1 . Unreport Threat 1 | . . 1 . Locate Traps 2 | . 2 . . Registered Components 1 | . . 1 . Zone Layout 3 | . 2 1 . Fabricator Hacks . | . . . . Repair Station Hacks . | . . . . Recycling Unit Hacks . | . . . . Scanalyzer 2 | . . 2 . Insert Component 1 | . . 1 . Analyze 1 | . . 1 . Garrison Access Hacks . | . . . . Unauthorized Hacks . | . . . . Terminals . | . . . . Fabricators . | . . . . Repair Stations . | . . . . Recycling Units . | . . . . Scanalyzers . | . . . . Garrison Access . | . . . . Data Cores Recovered 1 | . . 1 . Used 1 | . . 1 . Hacking Detections 8 | . 3 5 . Full Trace Events 4 | . 1 3 . Feedback Events . | . . . . Feedback Blocked . | . . . . Robot Schematics Acquired . | . . . . Robots Built . | . . . . Authchips . | . . . . Time . | . . . . Total Robot Build Rating . | . . . . Part Schematics Acquired 1 | . . 1 . Parts Built . | . . . . Authchips . | . . . . Time . | . . . . Total Part Build Rating . | . . . . Parts Repaired . | . . . . Time . | . . . . Parts Recycled . | . . . . Recycled Matter . | . . . . Retrieved Matter . | . . . . Retrieved Components . | . . . . Parts Scanalyzed 1 | . . 1 . Part Schematics Acquired 1 | . . 1 . Parts Damaged . | . . . . Bothacking | -11 -10 -9 -8 ------------ Run | Yrd Mat Mat Mat Used RIF Installer . | . . . . Robots Hacked . | . . . . Non-combat . | . . . . Combat . | . . . . Robot Hacks Applied . | . . . . Relay Couplers Released . | . . . . Fabnet Peak Effective % . | . . . . Robots Rewired . | . . . . Allies Hacked . | . . . . Hacks Repelled . | . . . . Allies | -11 -10 -9 -8 -------- Run | Yrd Mat Mat Mat Total Allies . | . . . . Largest Group . | . . . . Highest-Rated Group . | . . . . Highest-Rated Ally . | . . . . Total Orders . | . . . . Ally Attacks . | . . . . Total Damage . | . . . . Kills . | . . . . Allies Corrupted . | . . . . Allies Melted . | . . . . Intel | -11 -10 -9 -8 ------- Run | Yrd Mat Mat Mat Robot Analysis Total 1 | . 1 . . Derelict Logs Recovered . | . . . . Drone Launches . | . . . . Drone Recoveries . | . . . . Exploration | -11 -10 -9 -8 ------------- Run | Yrd Mat Mat Mat Turns Passed 2210 | 89 788 1234 99 Spaces Moved 1354 | 60 603 587 104 Core 18 | 16 . . 2 Treads . | . . . . Legs . | . . . . Wheels 768 | 44 603 121 . Hover 568 | . . 466 102 Flight . | . . . . Fastest Speed 50 | 50 100 52 52 Average Speed 77 | 80 100 58 57 Slowest Speed 250 | 100 100 120 250 Overloaded Moves . | . . . . Propulsion Burnouts . | . . . . Robots Hopped . | . . . . Cave-ins Triggered . | . . . . Exploration Rate (%) 34 | 4 80 40 12 Regions Visited 3 Branch Regions . Pre-discovered Areas . | . . . . Known Exits Taken . | . . . . Unknown Exits Taken 3 | 1 1 1 . Scrap Searched . | . . . . Spaces Dug 3 | . 3 . . Terrain Destroyed 76 | . 6 45 25 Melee . | . . . . Projectile 7 | . 6 1 . AOE 69 | . . 44 25 Terrain Rammed . | . . . . Walls Destroyed . | . . . . Machines Disabled . | . . . . Actions | -11 -10 -9 -8 --------- Run | Yrd Mat Mat Mat Total 2312 | 89 693 1405 125 Wait 773 | . 19 753 1 Move 1351 | 59 602 586 104 Hop . | . . . . Pick Up 30 | 12 11 5 2 Fast Attach 5 | . 1 3 1 Attach 13 | 6 3 4 . Detach . | . . . . Swap 25 | 1 8 12 4 Drop 15 | . 8 6 1 Fire 100 | 11 41 36 12 Melee . | . . . . Ram . | . . . . Kick . | . . . . Crush . | . . . . Escape Stasis . | . . . . Rewire . | . . . . Trap . | . . . . Miscellaneous . | . . . . Route ------- -11/Scrapyard -10/Materials (discovered 3 exits: *Mat x2 / [*Min]) -9/Materials -8/Materials History --------- Turn | Location | Event 7 | -11/Scrapyard | Discovered new exit (range 16) 90 | -11/Scrapyard | Entered Materials 306 | -10/Materials | Build established: Mutant 482 | -10/Materials | Discovered new exit (range 14) 621 | -10/Materials | Discovered new exit (range 11) 822 | -10/Materials | Discovered new exit (range 15) 878 | -10/Materials | Entered another Materials area 878 | -9/Materials | Evolved 2 slots: Propulsion x1, Utility x1 1998 | -9/Materials | Discovered new exit (range 6) 2112 | -9/Materials | Entered another Materials area 2112 | -8/Materials | Evolved 2 slots: Propulsion x1, Utility x1 2211 | -8/Materials | Self-destructed Last Messages --------------- Rifle. 02198_ U-05 Engineer lays Concrete. 02199_ G-47 Trooper destroyed. 02199_ Destroyed Wheel. 02199_ U-05 Engineer lays Concrete. 02201_ R-06 Scavenger collects Flight Unit. 02201_ U-05 Engineer lays Concrete. 02202_ The unstable cave ceiling collapses. 02202_ U-05 Engineer lays Concrete. 02203_ The unstable cave ceiling collapses. 02203_ Airjet destroyed. 02203_ U-05 Engineer lays Concrete. 02205_ R-06 Scavenger collects Lgt. Assault Rifle. 02205_ U-05 Engineer lays Concrete. 02209_ Destroyed Aluminum Leg. 02209_ U-05 Engineer destroyed. 02210_ ALERT: Construction progress impeded, dispatching reinforcements to local area. 02210_ U-05 Engineer lays Concrete. Map ----- +----------------------------------------------------+ | ?????????????????????????????????????????????????? | | ?????????????????????????????????????????????????? | | ?????????????????????????????????????????????????? | | ?????????????????????????????????????????????????? | | ?????????????????????????????????????????????????? | | ????????????????? ?????????????????????????????? | | ????????????????# ?????????????????????????????? | | ????????????????# ?????????????????????????????? | | ???????????????## ########?????????????????????? | | ???????##?????## # #####?????????????????? | | ???????? ????? %% ??????????????????? | | ???????? ??? % u ???????????????????? | | ????????"" """" ! % ????????????????????? | | ?????? """ ""w ###???????????????????? | | ?????? """ "" ""#???????????????????? | | ?????? u T"#???????????????????? | | ?????? =% ""????????????????????? | | ???????? = #?????????????????????? | | ???????? == %= #?????????????????????? | | ???????????? *| #?????????????????????? | | ???????????### #% g #?????????????????????? | | ????????????# #????###############??? | | ????????????# ###### #??? | | ??????????????# + """ ! #??? | | ???????????????# ####### "R" "" #??? | | ???????????????# @#?????# " " " #??? | | ???????????????###;###### #?????# ] #??? | | ????????????????????????# #?????# #??? | | ????????????????????????# #############/#######??? | | ????????????????????????# # # ######## | | ????????????????????????# # # # | | ????????????????????????# # """ + T # | | ????????????????????????# # """ # # | | ???????????????????????? # """ # ######## | | ????????????????????????### "T" ###+########## | | ??????????????????????????# """ # # | | ??????????????????????????# # """ """ # | | ??????????????????????????########### """"""""" # | | ????????????????????????????????????# """"" " # | | ????????????????????????????????????# # | | ????????????????????????????????????############## | | | | | | | | | | | | | | | | | | | +----------------------------------------------------+ Best States ------------- Heat Dissipation 31 Energy Generation 10 Energy Capacity 125 Matter Stores 300 Matter Capacity 300 Sight Range 18 Terrain Scan Density 10 Resistance: KI 20 Resistance: TH 20 Resistance: EX 20 Resistance: EM 20 Resistance: I 20 Resistance: S 20 Resistance: P 20 Power Shielding 33 Evasion (%) 54 Targeting Accuracy 6 Offensive Hacking 10 Item Schematics ----------------- Airjet | -9/Materials | Scanalyzed Robot Schematics ------------------ None Fabricated ------------ Nothing Alien Tech Used ----------------- None Achievements -------------- None Challenges ------------ None Game ------ Seed MetaCoolantDisintegrator Manual? 0 Play Time 00:24:59 Cumulative 39.2 hours Start 2024.11.21 @ 07:09:16 End 2024.11.21 @ 07:32:12 Sessions 1 Manual Loads 0 Difficulty Adventurer Special Mode None Game No. 18 Rogue 0 Adventurer 2 Explorer 16 Win Type - Total 0 Types 0/0/0/0/0/0/0/0/0 Lore% 19 Gallery% 31 Achievement% 26 Wizard Run 0 Options --------- Layout 1 ASCII 0 Keyboard 0 Movement Numpad Keybinds 0 Fullscreen 1 Font 24/Smallcaps Map View 50x35 Zoom Use 0% Tactical HUD 1 Map Filters NONE Filters NONE Steam 1 RUN: 598cedb8-2ad6-4e53-83ba-186d5ec80606